Unix NetHack Version 3.7.0-97 Work-in-progress - last build Feb 8 2024 15:05:57 (6d6cdf8371b60126770a3d7b88910941cb14a054,branch:master). Game began 2024-02-09 19:27:21, ended 2024-02-09 19:36:35. elenmirie, neutral female gnomish Archeologist --------------- ------- ------------- ###..............| |......###### #|...........| ####|.....)^.....(| |.....| ####............-### -----+------.-- |.....| # #|...........|### ### ## ----+-- |.....| |...........| #0######### |.....| |.....| |...........| #### |.....| |....%- --------.---- #########......|######### -----.- # |.....|# ----.-- ####i@ --.--- .......## |.....| # ### #.....| ## -------# ......| -----|-- 0###0|<(..|##### ##################### |.....| |......| 0 |....|#######0######################.....{| |......| |.....### |.....| |......+ |....|# ------- -------- |....| ------ Elenmirie the Field Worker St:9 Dx:9 Co:13 In:18 Wi:14 Ch:12 Neutral Dlvl:3 $:0 HP:0(23) Pw:12(12) AC:8 Xp:3/65 T:1487 Hungry Burdened Latest messages: You kill the large kobold! You kill the werejackal! You have a little trouble lifting F - a clear potion. What do you want to use or apply? [agtw or ?*] w You put a clear potion into the sack. What do you want to use or apply? [agtw or ?*] w The homunculus bites! You lash the homunculus. The homunculus bites! You miss the homunculus. The homunculus bites! You are put to sleep by the homunculus! The homunculus bites! The homunculus bites! The homunculus bites! The homunculus bites! The homunculus bites! The combat suddenly awakens you. The homunculus bites! Are you sure you want to pray? [yn] (n) y You begin praying to Camaxtli. You are surrounded by a shimmering light. The homunculus starts to attack you, but pulls back. The homunculus starts to attack you, but pulls back. The homunculus starts to attack you, but pulls back. You finish your prayer. You feel that Camaxtli is well-pleased. You feel much better. The homunculus bites! You are put to sleep by the homunculus! The homunculus bites! The homunculus bites! The homunculus bites! The homunculus bites! The homunculus bites! The homunculus bites! The homunculus bites! You wake up. The homunculus bites! You are beginning to feel hungry. The homunculus bites! You are put to sleep by the homunculus! The homunculus bites! The homunculus bites! You die... Do you want your possessions identified? [ynq] (y) y Do you want to see your attributes? [ynq] (y) y Do you want an account of creatures vanquished? [ynaq] (y) y Do you want to see your conduct and achievements? [ynq] (y) y Do you want to see the dungeon overview? [ynq] (y) y Inventory: Amulets z - an uncursed amulet of reflection (being worn) Weapons y - 3 uncursed +0 elven daggers n - an uncursed +0 orcish dagger a - an uncursed +2 bullwhip (weapon in right hand) Armor c - an uncursed +0 fedora o - an uncursed +0 orcish helm (being worn) b - an uncursed +0 leather jacket (being worn) Comestibles d - 5 uncursed food rations Tools w - an uncursed sack containing 13 items t - an uncursed tinning kit (0:30) Gems/Stones B - 2 uncursed citrine stones g - an uncursed touchstone Contents of the sack: 541 gold pieces a blessed potion of extra healing a blessed potion of hallucination an uncursed potion of healing an uncursed potion of object detection an uncursed potion of oil an uncursed potion of see invisible an uncursed potion of speed a potion of holy water an uncursed potion of water a blessed +1 ring of adornment an uncursed ring of cold resistance an uncursed +0 pick-axe Elenmirie the Archeologist's attributes: Background: You were a Field Worker, a level 3 female gnomish Archeologist. You were neutral, on a mission for Camaxtli who was opposed by Quetzalcoatl (lawful) and Huhetotl (chaotic). You were right-handed. You were in the Dungeons of Doom, on level 3. You entered the dungeon 1487 turns ago. There was a new moon in effect when your adventure ended. You had 65 experience points, 15 more were needed to attain level 4. Basics: You had 0 out of 23 hit points. You had all 12 energy points (spell power). Your armor class was 8. Your wallet was empty, but you had 541 zorkmids stashed away in your pack. Autopickup was on for '$' plus thrown. Final Characteristics: Your strength was 9 (limit:18/50). Your dexterity was 9 (limit:18). Your constitution was 13 (limit:18). Your intelligence was 18 (limit:19). Your wisdom was 14 (limit:18). Your charisma was 12 (limit:18). Final Status: You were hungry. You were burdened; movement was slightly slowed. You were wielding a whip. You had basic skill with whip. Final Attributes: You were devoutly aligned. You had automatic searching. You had infravision. You had reflection. You are dead. Miscellaneous: You never encountered a bones level. Total elapsed playing time was 9 minutes and 14 seconds. Major events: Turn 1: elenmirie the neutral female gnomish Archeologist entered the dungeon 1295: attained the rank of Field Worker (level 3) 1487: killed by a homunculus, while sleeping Vanquished creatures: a werejackal 3 hobbits a large kobold 2 geckos a jackal a fox 2 goblins 4 sewer rats 7 grid bugs a lichen 7 newts 30 creatures vanquished. No species were genocided or became extinct. Voluntary challenges: You read items or engraved 2 times. You never engraved Elbereth. You never genocided any monsters. You never polymorphed an object. You never changed form. You used no wishes. Achievements: You entered a shop. You attained the rank of Field Worker. The Dungeons of Doom: levels 1 to 3 Level 1: Level 2: Some fountains. Level 3: <- You were here. A fountain. Final resting place for you, killed by a homunculus, while sleeping. Game over: ---------- / \ / REST \ / IN \ / PEACE \ / \ | elenmirie | | 541 Au | | killed by a | | homunculus | | | | | | 2024 | *| * * * | * _________)/\\_//(\/(/\)/\//\/|_)_______ Goodbye elenmirie the Archeologist... You died in The Dungeons of Doom on dungeon level 3 with 847 points, and 541 pieces of gold, after 1487 moves. You were level 3 with a maximum of 23 hit points when you died.